 Dungeon Crawl Stone Soup version 0.28.0-47-ge53b351184 (webtiles) character file.

Game seed: 2969281077433055766

35 Cak3Hol3 the Shooter (level 3, 0/25 HPs)
             Began as a Gnoll Wanderer on May 3, 2022.
             Succumbed to an adder's poison
             ... on level 2 of the Dungeon.
             The game lasted 00:07:28 (1559 turns).

Cak3Hol3 the Shooter (Gnoll Wanderer)               Turns: 1559, Time: 00:07:29

Health: 0/25       AC:  7    Str: 10    XL:     3   Next: 33%
Magic:  7/7        EV:  8    Int: 11    God:
Gold:   27         SH:  0    Dex: 14    Spells: 7/7 levels left

rFire   . . .      SeeInvis .   p - +0 club
rCold   . . .      Faith    .   (no shield)
rNeg    . . .      Spirit   .   i - +0 scale mail
rPois   .          Reflect  .   (no helmet)
rElec   .          Harm     .   (no cloak)
rCorr   .          Rampage  .   (no gloves)
Will    .....                   e - +0 pair of boots
Stlth   +.........              (no amulet)
HPRegen 0.08/turn               (no ring)
MPRegen 0.10/turn               (no ring)

@: lethally poisoned (0 -> -3)
A: fangs 1, strong nose, distributed training
a: no special abilities


You were on level 2 of the Dungeon.
You visited 1 branch of the dungeon, and saw 2 of its levels.

You collected 27 gold pieces.

Inventory:

Hand Weapons
 a - a +0 vorpal hunting sling
 c - a +0 shortbow
 l - a +0 dagger
 p - a +0 club (weapon)
Missiles
 b - 14 sling bullets
 d - 26 arrows
 j - 3 poisoned darts (quivered)
Armour
 e - a +0 pair of boots (worn)
 f - a +0 robe
 i - a +0 scale mail (worn)
 o - a +0 robe
Scrolls
 g - a scroll of magic mapping {unknown}
 n - a scroll of identify {unknown}
 q - a scroll of noise {unknown}
 s - a scroll of acquirement {unknown}
Potions
 h - a potion of magic {unknown}
 k - a potion of degeneration {unknown}
 m - a potion of curing {unknown}
 r - a potion of brilliance


   Skills:
 + Level 0.7 Fighting
 + Level 0.7 Short Blades
 + Level 0.7 Long Blades
 + Level 0.7 Axes
 + Level 0.7 Maces & Flails
 + Level 0.7 Polearms
 + Level 0.7 Staves
 + Level 6.5 Slings
 + Level 6.5 Bows
 + Level 0.7 Crossbows
 + Level 0.7 Throwing
 + Level 0.7 Armour
 + Level 0.7 Dodging
 + Level 4.1 Stealth
 + Level 0.7 Shields
 + Level 0.7 Unarmed Combat
 + Level 2.8 Spellcasting
 + Level 0.5 Conjurations
 + Level 0.5 Hexes
 + Level 0.5 Summonings
 + Level 0.5 Necromancy
 + Level 0.5 Translocations
 + Level 0.5 Transmutations
 + Level 0.5 Fire Magic
 + Level 0.5 Ice Magic
 + Level 0.5 Air Magic
 + Level 0.5 Earth Magic
 + Level 0.5 Poison Magic
 + Level 0.9 Invocations
 + Level 2.6 Evocations


You had 7 spell levels left.
You didn't know any spells.
Your spell library was empty.

Dungeon Overview and Level Annotations

Branches:
Dungeon (2/15)

Altars:


Innate Abilities, Weirdness & Mutations

You have very sharp teeth.
Your uncanny sense of smell can sniff out nearby items.
Your experience applies equally to all skills.


Message History

You see here a bat corpse.
You start resting.
An adder comes into view.
The adder hisses angrily.
You see here a bat corpse.
You see here a rat corpse.
An adder is nearby!
You closely miss the adder. Your bite misses the adder.
The adder bites you but does no damage. The adder barely misses you.
You hit the adder.
The adder is lightly wounded.
The adder bites you.
You are poisoned.
The adder poisons you! The adder barely misses you.
You miss the adder.
The adder is lightly wounded.
You feel sick. The adder barely misses you.
You barely miss the adder.
The adder is lightly wounded.
You feel sick. The adder closely misses you.
The adder bites you but does no damage.
You closely miss the adder.
The adder is lightly wounded.
You feel sick. The adder bites you. x2
You are more poisoned.
The adder poisons you!
You feel sick.
You feel sick.
You feel sick.
You closely miss the adder.
The adder is lightly wounded.
You feel sick. The adder bites you.
* * * LOW HITPOINT WARNING * * *
You are lethally poisoned!
The adder poisons you! The adder bites you but does no damage.
* * * LOW HITPOINT WARNING * * *
You feel sick.
* * * LOW HITPOINT WARNING * * *
You feel sick. The adder bites you but does no damage.
You die...

##..............####
##.............# # 8
##............#≈# ..
#............#≈## ...
#.............≈.#
######...
##.....)......≈.#
#.....?#
##.....<.....≈.#
#......##
######.#..######
#........ #..##..@.S.##
##......#
#..#######..>###.......#
#.# #.#...††......# ..
##.#...#.....### ...
#....######..# ...
#.....#.## .....
...#####... ####. #
###.# . ...


You could see an adder.

Vanquished Creatures
  A dart slug (D:1)
  2 ball pythons (D:1)
  5 endoplasms
  3 giant cockroaches (D:1)
  3 goblins (D:1)
  3 jackals (D:1)
  2 kobolds
  A quokka (D:1)
  3 bats
  A frilled lizard (D:1)
  6 rats
30 creatures vanquished.

Notes
Turn   | Place    | Note
-------+----------+-------------------------------------------
     0 | D:1      | Cak3Hol3 the Gnoll Wanderer began the quest for the Orb.
     0 | D:1      | Cak3Hol3 set off with the following items: a +0 vorpal
                  | hunting sling, 19 sling bullets, a +0 shortbow, 26 arrows,
                  | a +0 pair of boots, a +0 robe
     0 | D:1      | Reached XP level 1. HP: 13/13 MP: 4/4
   387 | D:1      | Reached XP level 2. HP: 18/19 MP: 5/5
   843 | D:1      | Reached XP level 3. HP: 15/25 MP: 7/7
  1558 | D:2      | HP: 1/25 [poisoned by an adder]
  1559 | D:2      | Succumbed to an adder's poison

Illustrated notes

Levels and vault maps discovered:
D:1:      noname_arrival_rooms_in_the_neighbourhood, layout_basic,
          minmay_circled_x
D:2:      layout_rooms, ebering_ecumenical_altar_ruins,
          chequers_serial_rivers_micro_b, uniq_sigmund

Action                   || total
-------------------------++-------
Melee: Club              ||    92
       Dagger            ||     6
       Bite              ||     9
       Punch             ||     2
 Fire: Hunting sling     ||    33
  Use: Potion            ||     1
Armor: Scale mail        ||    82
Dodge: Dodged            ||    63
